 Dungeon Crawl Stone Soup version 0.30-a0-840-ga523dec638 (webtiles) character file.

Game seed: 2849331685290878318

569 ragingrage the Scratcher (level 7, -6/33 HPs)
             Began as a Felid Wanderer on Mar 1, 2023.
             Was an Initiate of Gozag.
             Mangled by an orc priest
             ... wielding a +0 flail
              (11 damage)
             ... on level 6 of the Dungeon.
             The game lasted 00:17:48 (8302 turns).

ragingrage the Scratcher (Felid Wanderer)           Turns: 8302, Time: 00:17:48

Health: -6/33      AC:  2    Str: 12 (14) XL:     7   Next: 11%
Magic:  10/10      EV: 19    Int: 13 (14) God:    Gozag
Gold:   393        SH:  0    Dex: 15 (17) Spells: 4/8 levels left
                                        Lives:  0   Deaths: 2

rFire   . . .      SeeInvis +      - Unarmed
rCold   . . .      Faith    .    (shield unavailable)
rNeg    . . .      Spirit   .    (body armour unavailable)
rPois   .          Reflect  .    (helmet unavailable)
rElec   .          Harm     .    (cloak unavailable)
rCorr   .          Rampage  .    (gloves unavailable)
Will    ++...                    (boots unavailable)
Stlth   +++                      (no amulet)
HPRegen 0.25/turn                v - +6 ring of strength
MPRegen 0.12/turn                (no ring)

@: mighty, gold aura, attractive, hasted, very quick
A: very small, claws 1, fangs 3, see invisible, speed 1, shaggy fur 2, stealthy
paws, no weapons or thrown items, no armour, multi-lived, strong-willed 1
a: Renounce Religion, Potion Petition, Call Merchant, Bribe Branch


You were on level 6 of the Dungeon.
You worshipped Gozag.
Gozag was aware of your devotion.
You visited 2 branches of the dungeon, and saw 8 of its levels.

You collected 716 gold pieces.
You spent 242 gold pieces at shops.
You paid 81 gold pieces to Gozag.

Inventory:

Jewellery
 v - a +6 ring of strength (left paw)
Wands
 r - a wand of light (10)
 u - a wand of digging (2)
Scrolls
 b - 3 scrolls of teleportation
 f - a scroll of blinking {unknown}
 g - 2 scrolls of vulnerability
 j - 2 scrolls of identify
 k - a scroll of enchant armour {unknown}
 m - a scroll of fear {unknown}
 o - a scroll of magic mapping {unknown}
 q - a scroll of amnesia {unknown}
 s - a scroll of acquirement {unknown}
 w - a scroll of immolation {unknown}
Potions
 c - a potion of brilliance
 e - a potion of flight
 l - a potion of resistance
 p - 3 potions of mutation


   Skills:
 - Level 5.0 Fighting
 - Level 5.3 Dodging
 - Level 4.0 Stealth
 - Level 6.4 Unarmed Combat
 + Level 1.4 Spellcasting
 - Level 2.0 Conjurations
 * Level 6.0 Air Magic
 - Level 1.1 Evocations


You had 4 spell levels left.
You knew the following spells:

 Your Spells              Type           Power      Damage    Failure   Level
a - Shock                 Conj/Air       44%        1d5       5%          1
b - Swiftness             Air            16%        N/A       7%          3

Your spell library contained the following spells:

 Spells                   Type           Power      Damage    Failure   Level
 Static Discharge         Conj/Air       22%        2-3/arc   8%          2
 Airstrike                Air            8%         2d(2-18)  22%         4
 Vhi's Electric Charge    Tloc/Air       16%        N/A       24%         3
 Scorch                   Fire           0%         2d5       38%         2
 Flame Wave               Conj/Fire      3%         2d5       87%         4
 Arcjolt                  Conj/Air       5%         1d15      82%         5
 Lightning Bolt           Conj/Air       5%         1d17      82%         5
 Summon Cactus Giant      Summ           0%         N/A       100%        6


Dungeon Overview and Level Annotations

Branches:
Dungeon (7/15)             Temple (1/1) D:4

Altars:
Cheibriados
Dithmenos
Elyvilon
Fedhas
Gozag
Hepliaklqana
Kikubaaqudgha
Makhleb
Nemelex Xobeh
Okawaru
Ru
Sif Muna
Trog
Uskayaw
Vehumet
Wu Jian
Xom
Yredelemnul
The Shining One

Shops:
D:3 :   D:5 [   D:7 =

Portals:
Bailey: D:7

Annotations:
D:2 Jessica
D:4 2 transporters, exclusion: scorpion
D:5 Eustachio
D:6 exclusions: 5 gnolls and gnoll sergeant


Innate Abilities, Weirdness & Mutations

You have sharp claws.
You have razor-sharp teeth.
You have supernaturally acute eyesight. (SInv)
You cover ground quickly. (Speed+)
You are covered in thick fur. (AC +2)
Your paws help you pounce on unaware monsters.
You are incapable of wielding weapons or throwing items.
You cannot wear armour.
You gain extra lives every three experience levels.
You are strong-willed. (Will+)


Message History

You climb downwards.
You hear the roar of battle.
There is an entrance to a bailey on this level.
Hurry and find it before the portal closes forever!
The orc shouts!
The orc priest invokes the aid of Beogh against you.
Beogh smites you!
The orc priest shouts!
There is a stone staircase leading up here.
Unknown command.
Unknown command.
The orc priest barely misses you.
The orc priest calls down the wrath of Beogh upon you.
You resist with almost no effort.
You climb upwards.
Level annotation: exclusions: 5 gnolls and gnoll sergeant
There is a stone staircase leading down here.
Unknown command.
You feel yourself speed up.
The orc priest calls down the wrath of Beogh upon you.
Beogh smites you!
* * * LOW HITPOINT WARNING * * *
The orc priest hits you with a +0 club.
* * * LOW HITPOINT WARNING * * *
It was a potion of degeneration.
There was something very wrong with that liquid.
You feel weakened.
You feel dopey.
You feel clumsy.
Unknown command.
It was a potion of attraction.
You feel attractive to monsters.
The orc priest mumbles some strange prayers to Beogh against you.
You resist with almost no effort. The orc priest misses you.
It was a potion of might.
You feel very mighty all of a sudden. The orc priest completely misses you.
The orc priest closely misses you.
You claw the orc priest! Your claw misses the orc priest.
You claw the orc priest!
You kill the orc priest!
The orc priest hits you with a +0 flail!
You die...
Your body crumbles into a pile of gold.

...# ##..## #..#...............
...# #..## #.............$...
...# ##..# ##.......)...W##..
...####..## #...........####.
....##..## #..###.....## #.
.....#..# ##.## ##.....## ##
.......## #..# #...#...###.
.......#### ###$.# ##..###......
...>......####..@.# #...# ###...#
................o.###..## ##.##
#.....#####....#..##...# #.#
.....## #....#......## #####.##
....## #...........####...~~..
..#.### #........####..........
###...#####........#≈≈≈≈≈~~~~~≈~~
##................## #≈≈≈~~≈~~~~~
##.....#####.....## ##...~.~~...


You could see an orc priest.

Vanquished Creatures
  2 black bears
  2 sky beasts (D:6)
  An ogre (D:5)
  A phantom (D:6)
  A necrophage (D:4)
  2 scorpions
  3 killer bees
  A howler monkey (D:6)
  A jelly (D:4)
  5 hounds
  An orc priest (D:6)
  5 iguanas
  An orc wizard (D:5)
  10 adders
  A shadow imp (D:5)
  A white imp (D:7)
  An ufetubus (D:3)
  3 worms
  3 dart slugs
  14 orcs
  6 ball pythons
  10 endoplasms
  4 giant cockroaches
  10 goblins
  8 hobgoblins
  4 jackals (D:4)
  3 quokkas
  2 bats
  3 frilled lizards
  10 kobolds
  4 rats
  2 butterflies (D:4)
125 creatures vanquished.

Notes
Turn   | Place    | Note
-------+----------+-------------------------------------------
     0 | D:1      | ragingrage the Felid Wanderer began the quest for the Orb.
     0 | D:1      | ragingrage set off with the following items: 2 potions of
                  | lignification, a scroll of teleportation.
     0 | D:1      | Reached XP level 1. HP: 12/12 MP: 2/2
   317 | D:1      | Reached skill level 1 in Stealth
   439 | D:1      | Reached skill level 1 in Unarmed Combat
   455 | D:1      | Reached XP level 2. HP: 16/16 MP: 3/3
   928 | D:2      | Reached XP level 3. HP: 17/19 MP: 4/4
  1463 | D:2      | Noticed Jessica
  2092 | D:3      | Found Daejuk's Book Shoppe.
  2378 | D:3      | Reached XP level 4. HP: 23/23 MP: 5/5
  2554 | D:3      | HP: 1/23 [ufetubus (4)]
  2557 | D:3      | Gained mutation: You are strong-willed. (Will+) [potion of
                  | mutation]
  3046 | D:4      | Found a staircase to the Ecumenical Temple.
  3054 | Temple   | Entered the Ecumenical Temple
  3344 | Temple   | Became a worshipper of Gozag Ym Sagoz the Greedy
  3479 | D:4      | Reached XP level 5. HP: 26/26 MP: 6/6
  3657 | D:4      | Found a transporter.
  3663 | D:4      | Found a transporter.
  3666 | D:4      | Noticed a wyvern
  3673 | D:4      | Noticed an orc warrior
  3678 | D:4      | Found a white marble altar of Elyvilon.
  3719 | D:4      | Reached skill level 5 in Unarmed Combat
  3966 | D:4      | Gained mutation: You are covered in thick fur. (AC +2)
                  | [Felid growth]
  3966 | D:4      | Reached XP level 6. HP: 30/30 MP: 7/7
  4888 | D:3      | Bought a book of Air for 242 gold pieces
  4890 | D:3      | Learned a level 1 spell: Shock
  4982 | D:5      | Entered Level 5 of the Dungeon
  5028 | D:5      | Found Pafic's Armour Shop.
  5424 | D:5      | Reached XP level 7. HP: 29/33 MP: 8/8
  5661 | D:5      | Reached skill level 1 in Air Magic
  5811 | D:5      | Learned a level 3 spell: Swiftness
  5892 | D:5      | Noticed Eustachio
  5948 | D:5      | Reached skill level 1 in Conjurations
  6401 | D:5      | Found a hazy altar of Hepliaklqana.
  6402 | D:5      | Found an ornate altar of the Wu Jian Council.
  6670 | D:5      | Found a shimmering altar of Xom.
  6682 | D:5      | Found a hide-covered altar of Uskayaw.
  7497 | D:6      | Reached XP level 8. HP: 26/37 MP: 9/9
  7665 | D:7      | Found a flagged portal.
  7690 | D:7      | Found Ahull's Jewellery Shoppe.
  7742 | D:7      | Reached skill level 5 in Air Magic
  7816 | D:6      | Slain by a killer bee
  7817 | D:6      | Reached XP level 7. HP: -2/33 MP: 8/8
  7865 | D:7      | Noticed a wraith
  7882 | D:6      | Mangled by a wraith
  7883 | D:6      | Reached XP level 6. HP: -7/30 MP: 7/7
  8068 | D:6      | Reached skill level 1 in Spellcasting
  8166 | D:6      | Reached XP level 7. HP: 17/33 MP: 7/9
  8302 | D:6      | Mangled by an orc priest

Illustrated notes

Levels and vault maps discovered:
D:1:      lemuel_arrival_lava_pool, layout_loops_cross, minmay_split_cup_large
D:2:      layout_rooms, minivault_4, hangedman_abyss_or_decor_stabs,
          uniq_jessica
D:3:      minmay_skewed_foursquare, layout_loops_ring, serial_shops, shop,
          minmay_stone_trees_small
D:4:      layout_gridville, gammafunk_temple_overflow_arena,
          minmay_temple_entry_ruins, hangedman_glass_garden
D:5:      layout_loops_corners, mainiacjoe_overflow_divided_tiny,
          mainiacjoe_overflow_big_doors, serial_shops, nicolae_shop_crystal,
          hex_medium, minivault_1, uniq_eustachio
D:6:      layout_layer_cave, serial_rivers, chequers_serial_rivers_micro_c,
          chequers_serial_rivers_large_b, chequers_serial_rivers_small_3,
          chequers_serial_rivers_room_a, chequers_serial_rivers_small_3
D:7:      layout_rooms, enter_bailey_5, serial_shops, nicolae_shop_trees
Temple:   dpeg_chambers_temple

Skill      XL: |  1  2  3  4  5  6  7  8 |
---------------+-------------------------+-----
Stealth        | 1 2 3 4 |  4.0
Unarmed Combat | 1 2 3 5 6 |  6.4
Air Magic      | 6 4 5 |  6.0
Conjurations   | 2 |  2.0
Spellcasting   | 1 |  1.4
Fighting       | |  5.0
Dodging        | |  5.3
Evocations     | |  1.1

Action                     |  1- 3 |  4- 6 |  7- 9 || total
---------------------------+-------+-------+-------++-------
  Melee: Unarmed           |   179 |   151 |    76 ||   406
         Bite              |    18 |    19 |    11 ||    48
         Punch             |     3 |     5 |     3 ||    11
   Cast: Shock             |       |    18 |    38 ||    56
  Evoke: Wand              |       |       |     2 ||     2
    Use: Potion            |     1 |     9 |     5 ||    15
         Scroll            |       |       |     4 ||     4
   Stab: Sleeping          |     6 |     7 |     3 ||    16
         Distracted        |     1 |     1 |       ||     2
 Armour: Skin              |     6 |    16 |     4 ||    26
  Dodge: Dodged            |   115 |   134 |   106 ||   355

Table legend: (Time is in decaauts)
 A = Elapsed time spent in this place.
 B = Non-inter-level travel time spent in this place.
 C = Inter-level travel time spent in this place.
 D = Time resting spent in this place.
 E = Time spent auto-exploring this place.
 F = Levels seen in this place.
 G = Mean time per level.
                   A        B        C        D        E       F      G
               +--------+--------+--------+--------+--------+-----+--------+
         Total |   7132 |   6709 |    423 |   1591 |   3225 |   8 |  891.5 |
       Dungeon |   6877 |   6512 |    365 |   1591 |   3040 |   7 |  982.4 |
        Temple |    254 |    197 |     57 |      0 |    185 |   1 |  254.0 |
               +--------+--------+--------+--------+--------+-----+--------+

Top non-repeatable levels by time:
     D:5: 1579 daAuts
     D:3: 1512 daAuts
     D:4: 1177 daAuts
     D:6: 1141 daAuts
     D:1: 774 daAuts
     D:2: 514 daAuts
  Temple: 254 daAuts
     D:7: 177 daAuts
